 Dungeon Crawl Stone Soup version 0.30.1-11-g7821555f0a (webtiles) character file.

Game seed: 6592445602724103214

39 KittyFluff the Trooper (level 3, -6/23 HPs)
             Began as a Gargoyle Berserker on Oct 29, 2023.
             Was a Follower of Trog.
             Mangled by a worm (8 damage)
             ... on level 2 of the Dungeon.
             The game lasted 00:03:22 (1025 turns).

KittyFluff the Trooper (Gargoyle Berserker)         Turns: 1025, Time: 00:03:23

Health: -6/23      AC:  6    Str: 22    XL:     3   Next: 45%
Magic:  3/3        EV: 11    Int:  7    God:    Trog [*.....]
Gold:   50         SH:  0    Dex:  9    Spells: 2/2 levels left

rFire   . . .        a - +0 mace
rCold   . . .        (no shield)
rNeg    + . .        m - +0 leather armour
rPois   ∞            (no helmet)
rElec   +            (no cloak)
rCorr   .            (no gloves)
SInv    .            (no boots)
Will    .....        (no amulet)
Stlth   +            (no ring)
HPRegen 0.23/turn    (no ring)
MPRegen 0.08/turn

%: no passive effects
@: no status effects
A: sickness immunity, AC +3, negative energy resistance 1, electricity
resistance, torment resistance 1, petrification resistance
a: Renounce Religion, Berserk


You were on level 2 of the Dungeon.
You worshipped Trog.
Trog was aware of your devotion.
You visited 1 branch of the dungeon, and saw 2 of its levels.

You collected 50 gold pieces.

Inventory:

Hand Weapons
 a - a +0 mace (weapon)
Missiles
 e - 2 javelins (quivered)
 k - 2 poisoned darts
Armour
 m - a +0 leather armour (worn)
Scrolls
 c - a scroll of noise {unknown}
 f - a scroll of enchant weapon {unknown}
 g - a scroll of identify {unknown}
 j - a scroll of blinking {unknown}
 l - a scroll of butterflies {unknown}
Potions
 b - a potion of curing {unknown}
 d - 3 potions of haste {unknown}
 h - 2 potions of flight {unknown}
 i - a potion of lignification {unknown}


   Skills:
 + Level 3.6 Fighting
 * Level 3.5 Maces & Flails
 * Level 2.9 Armour
 + Level 1.9 Dodging


You had 2 spell levels left.
You didn't know any spells.
Your spell library was empty.

Dungeon Overview and Level Annotations

Branches:
Dungeon (2/15)

Altars:


Innate Abilities, Weirdness & Mutations

You are immune to sickness and miasma.
Your stone body is resilient. (AC +3)
You are immune to poison.
You resist negative energy. (rN+)
You are resistant to electric shocks. (rElec)
You are resistant to unholy torment.
You are immune to petrification.


Message History

You thump the adder!
The adder is severely wounded.
The adder bites you but does no damage.
You barely miss the adder.
The adder is severely wounded.
The adder barely misses you. x2
You barely miss the adder.
The adder is severely wounded.
The adder bites you but does no damage.
You miss the adder.
The adder is severely wounded.
The adder barely misses you. The adder closely misses you.
You miss the adder.
The adder is severely wounded.
The adder misses you. The adder closely misses you.
You hit the adder.
The adder is almost dead.
The adder bites you but does no damage. The worm barely misses you.
You hit the adder.
You kill the adder!
Trog accepts your kill. The worm bites you!
You hit the worm.
The worm is moderately wounded.
The worm barely misses you.
You barely miss the worm.
The worm is moderately wounded.
You hit the worm.
The worm is heavily wounded.
The worm bites you!
You hit the worm.
The worm is severely wounded.
The worm bites you!
* * * LOW HITPOINT WARNING * * *
You hit the worm.
The worm is severely wounded.
You barely miss the worm.
The worm is severely wounded.
The worm bites you!
You die...

.#####.
..#....
......#
.......
.......
.!...
####w.#..#
#..@.....#
#<###..##.#
#.# .# ...
# .....
#..#### ...
##.# #.


You could see a worm.

Vanquished Creatures
  An adder (D:2)
  A gnoll (D:1)
  4 endoplasms (D:1)
  2 giant cockroaches (D:1)
  A goblin (D:1)
  3 hobgoblins (D:1)
  A quokka (D:1)
  2 ball pythons (D:1)
  3 kobolds (D:1)
  A rat (D:1)
19 creatures vanquished.

Notes
Turn   | Place    | Note
-------+----------+-------------------------------------------
     0 | D:1      | KittyFluff the Gargoyle Berserker began the quest for the
                  | Orb.
     0 | D:1      | Reached XP level 1. HP: 14/14 MP: 1/1
   284 | D:1      | Reached XP level 2. HP: 9/19 MP: 2/2
   562 | D:1      | Reached XP level 3. HP: 5/23 MP: 3/3
  1023 | D:2      | HP: 1/23 [worm (8)]
  1025 | D:2      | Mangled by a worm

Illustrated notes

Levels and vault maps discovered:
D:1:      dpeg_arrival_castle, layout_loops_ring, minmay_misc_feat_cross,
          minmay_hexomino_u4
D:2:      layout_loops_ring, minmay_vboxes

Action                     || total
---------------------------++-------
  Melee: Mace              ||    79
 Armour: Animal skin       ||    23
         Leather armour    ||     8
  Dodge: Dodged            ||    50
